 Dungeon Crawl Stone Soup version 0.20.0-15-g7f486f2 (webtiles) character file.

1096 Gorglomux the Cleaver (level 8, 0/75 HPs)
             Began as a Minotaur Berserker on June 11, 2017.
             Was a Believer of Trog.
             Slain by an ogre
             ... wielding a +0 giant spiked club
              (14 damage)
             ... on level 5 of the Dungeon.
             The game lasted 00:02:58 (3783 turns).

Gorglomux the Cleaver (Minotaur Berserker)          Turns: 3783, Time: 00:02:59

Health: 0/75       AC:  5    Str: 24    XL:     8   Next: 10%
Magic:  7/7        EV: 11    Int:  4    God:    Trog [**....]
Gold:   190        SH:  0    Dex: 10    Spells: 7/7 levels left

rFire    . . .     SeeInvis .   a - +0 hand axe
rCold    + . .     Gourm    .   (no shield)
rNeg     . . .     Faith    .   F - +0 ring mail of Moral Flaws {rC+}
rPois    .         Spirit   .   (helmet restricted)
rElec    .         Reflect  .   (no cloak)
rCorr    .         Harm     .   (no gloves)
MR       .....                  (no boots)
Stlth    ..........             (no amulet)
Regen    0.3/turn               (no ring)
MPRegen  0.1/turn               (no ring)

@: drained
A: retaliatory headbutt, horns 2
a: Berserk, Trog's Hand, Burn Spellbooks, Renounce Religion


You were on level 5 of the Dungeon.
You worshipped Trog.
Trog was pleased with you.
You were not hungry.

You visited 1 branch of the dungeon, and saw 5 of its levels.

You collected 190 gold pieces.

Inventory:

Hand Weapons
 a - a +0 hand axe (weapon)
Armour
 b - a +0 animal skin
 n - a +0 ring mail
 o - a +0 scale mail
 F - the +0 ring mail of Moral Flaws (worn) {rC+}
   (You found it on level 5 of the Dungeon)

   It protects you from cold.
Jewellery
 j - a +4 ring of strength {unknown}
Wands
 A - a wand of acid (5/15)
Scrolls
 d - a scroll of immolation {unknown}
 f - a scroll of remove curse {unknown}
 h - a scroll of enchant weapon {unknown}
 k - 2 scrolls of recharging {unknown}
 l - 2 scrolls of teleportation {unknown}
 m - a scroll of fear {unknown}
 r - 4 scrolls of identify {unknown}
 t - 2 scrolls of enchant armour {unknown}
 u - 2 scrolls of magic mapping {unknown}
 w - 2 scrolls of amnesia {unknown}
Potions
 e - 2 potions of heal wounds {unknown}
 p - 3 potions of cancellation {unknown}
 s - a potion of resistance {unknown}
 v - a potion of curing {unknown}
 B - a potion of agility {unknown}
 C - 2 potions of brilliance {unknown}
 E - a potion of invisibility {unknown}
 G - 2 potions of flight {unknown}
Comestibles
 c - 3 bread rations
 g - 3 royal jellies
 z - a meat ration
 D - a chunk of flesh


   Skills:
 + Level 8.7(8.5) Fighting
 + Level 9.0(8.7) Axes
 - Level 2.4(2.1) Armour
 - Level 2.1(1.9) Dodging


You had 7 spell levels left.
You didn't know any spells.

Dungeon Overview and Level Annotations

Branches:
Dungeon (5/15)
 Temple: D:4-7

Altars:
Ashenzari
Elyvilon
Yredelemnul
The Shining One

Shops:
D:4 =}


Innate Abilities, Weirdness & Mutations

You reflexively headbutt those who attack you in melee.
You have a pair of horns on your head.


Message History

You are too injured to fight recklessly!
You are too injured to fight recklessly!
You are too injured to fight recklessly!
There are monsters nearby!
Unknown command.
You are too injured to fight recklessly!
You are too injured to fight recklessly!
You are too injured to fight recklessly!
You are too injured to fight recklessly!
You are too injured to fight recklessly!
You hit the ogre.
The ogre is severely wounded.
The ogre hits you with a giant spiked club!!
* * * LOW HITPOINT WARNING * * *
You hit the ogre.
The ogre is severely wounded.
You hit the ogre.
The ogre is almost dead.
The ogre hits you with a giant spiked club!
You die...

##..#....# #........#..#
#....##.....# #....##.#.#..
###### #............ .....#
#...#...#.#..
.#.#.######...#.#a....#
.....#........#.O#.#.##
.#.#.#........##@#.#.###########
.............###.h...#..........
.#.#.........# ##.#.......#####
.....#.......# #.......#.#
###..#.......# ##.#..###.#
.##.##.......# #.#..# #.#
.##.########## #.<..# #.#
......# ##...# #.# ......# #...#
#.#


You could see an ogre, a hound and a worker ant.

Vanquished Creatures
  Grinder (D:4)
  Eustachio (D:4)
  A phantom (D:5)
  A bullfrog (D:4)
  The ghost of Patate the Sneak, an amateur SpEn (D:4)
  A scorpion (D:5)
  2 howler monkeys (D:4)
  A crimson imp (D:5)
  3 hounds (D:4)
  2 orc priests (D:3)
  An iguana (D:4)
  Terence (D:2)
  A worker ant (D:4)
  A gnoll (D:4)
  5 adders
  An ooze (D:1)
  4 worms
  A dart slug (D:1)
  2 leopard geckos
  12 orcs
  5 bats
  A giant cockroach (D:1)
  4 goblins
  9 hobgoblins
  4 jackals (D:3)
  2 ball pythons
  4 frilled lizards
  11 kobolds
  5 rats
  A spectral orc (D:3)
89 creatures vanquished.

Notes
Turn   | Place    | Note
-------+----------+-------------------------------------------
     0 | D:1      | Gorglomux the Minotaur Berserker began the quest for the Orb.
     0 | D:1      | Reached XP level 1. HP: 19/19 MP: 0/0
   251 | D:1      | Reached XP level 2. HP: 26/27 MP: 1/1
   324 | D:1      | Reached skill level 4 in Axes
  1020 | D:1      | Reached XP level 3. HP: 32/34 MP: 2/2
  1184 | D:2      | Noticed Terence
  1189 | D:2      | Killed Terence
  1189 | D:2      | Reached skill level 5 in Axes
  1254 | D:2      | Reached ** piety under Trog
  1263 | D:2      | Reached XP level 4. HP: 41/41 MP: 3/3
  1970 | D:3      | Found a shattered altar of Ashenzari.
  2339 | D:3      | Found a basalt altar of Yredelemnul.
  2485 | D:3      | Reached XP level 5. HP: 46/48 MP: 4/4
  2652 | D:4      | Noticed Grinder
  2652 | D:4      | Paralysed by Grinder for 6 turns
  2681 | D:4      | Reached skill level 6 in Axes
  2687 | D:4      | Reached skill level 6 in Fighting
  2713 | D:4      | Killed Grinder
  2713 | D:4      | Reached skill level 7 in Axes
  2713 | D:4      | Reached XP level 6. HP: 18/58 MP: 5/5
  2960 | D:4      | Found Geinuplo's Gadget Boutique.
  2994 | D:4      | Reached XP level 7. HP: 59/66 MP: 6/6
  3235 | D:4      | Found Fiodgh's Jewellery Shop.
  3266 | D:4      | Noticed Patate's ghost (amateur SpEn)
  3281 | D:4      | Killed Patate's ghost
  3281 | D:4      | Reached skill level 8 in Axes
  3288 | D:4      | Noticed Eustachio
  3308 | D:4      | Killed Eustachio
  3473 | D:5      | Entered Level 5 of the Dungeon
  3486 | D:5      | Found a glowing golden altar of the Shining One.
  3535 | D:5      | Got a steaming ring mail
  3546 | D:5      | Identified the +0 ring mail of Moral Flaws {rC+} (You found it on level 5 of the Dungeon)
  3561 | D:5      | Found a white marble altar of Elyvilon.
  3584 | D:5      | Reached XP level 8. HP: 62/75 MP: 7/7
  3763 | D:5      | Reached skill level 9 in Axes
  3783 | D:5      | Slain by an ogre

Skill      XL: |  1  2  3  4  5  6  7  8 |
---------------+-------------------------+-----
Fighting       | 4 5 6 7 8 |  8.7
Axes           | 4 5 7 8 9 |  9.0
Armour         | |  2.4
Dodging        | |  2.1

Action                   |  1- 3 |  4- 6 |  7- 9 || total
-------------------------+-------+-------+-------++-------
Melee: Hand axe          |    63 |   109 |    99 ||   271
       Headbutt          |    11 |    20 |     8 ||    39
Invok: Berserk           |     2 |     2 |     2 ||     6
       Trog's Hand       |       |     3 |     1 ||     4
  Eat: Chunk             |     3 |     6 |     2 ||    11
       Meat ration       |       |     1 |       ||     1
Armor: Animal skin       |     8 |       |       ||     8
       Scale mail        |       |    43 |    33 ||    76
       Ring mail         |       |       |     3 ||     3
Dodge: Dodged            |    48 |    44 |    49 ||   141
